 Dungeon Crawl Stone Soup version 0.30-a0-867-g305f33218d (webtiles) character file.

Game seed: 17655584494108084924

137 cheesebisquit the Protected (level 5, -1/37 HPs)
             Began as a Gnoll Wanderer on Mar 11, 2023.
             Slain by an orc
             ... wielding a +0 club
              (4 damage)
             ... on level 3 of the Dungeon.
             The game lasted 00:06:36 (1878 turns).

cheesebisquit the Protected (Gnoll Wanderer)        Turns: 1878, Time: 00:06:37

Health: -1/37      AC:  8    Str: 10    XL:     5   Next: 20%
Magic:  9/9        EV: 12    Int: 10    God:
Gold:   130        SH:  0    Dex: 22    Spells: 10/10 levels left

rFire   . . .      SeeInvis .    a - +0 long sword
rCold   . . .      Faith    .    (no shield)
rNeg    . . .      Spirit   .    c - +0 ring mail
rPois   .          Reflect  .    l - +0 helmet
rElec   .          Rampage  .    (no cloak)
rCorr   .                        (no gloves)
Will    .....                    (no boots)
Stlth   ++                       (no amulet)
HPRegen 0.26/turn                k - +6 ring of dexterity
MPRegen 0.11/turn                (no ring)

@: no status effects
A: fangs 1, strong nose, distributed training
a: no special abilities


You were on level 3 of the Dungeon.
You visited 1 branch of the dungeon, and saw 3 of its levels.

You collected 130 gold pieces.

Inventory:

Hand Weapons
 a - a +0 long sword (weapon)
 f - a +0 short sword of flaming
Missiles
 g - 3 javelins (quivered)
Armour
 c - a +0 ring mail (worn)
 l - a +0 helmet (worn)
Jewellery
 k - a +6 ring of dexterity (left hand)
 n - an amulet of reflection
Scrolls
 b - 2 scrolls of fog
 d - a scroll of blinking
 h - a scroll of noise {unknown}
 j - a scroll of enchant armour {unknown}
 p - a scroll of identify {unknown}
 r - a scroll of immolation {unknown}
Potions
 e - a potion of cancellation {unknown}
 i - 3 potions of brilliance {unknown}
 m - a potion of curing {unknown}
 o - a potion of mutation {unknown}
 q - a potion of lignification {unknown}
 s - a potion of flight {unknown}
 t - a potion of resistance {unknown}
 u - a potion of ambrosia {unknown}


   Skills:
 + Level 1.4 Fighting
 + Level 1.4 Short Blades
 + Level 8.6 Long Blades
 + Level 1.4 Axes
 + Level 1.4 Maces & Flails
 + Level 1.4 Polearms
 + Level 1.4 Staves
 + Level 1.4 Ranged Weapons
 + Level 1.4 Throwing
 + Level 8.6 Armour
 + Level 3.0 Dodging
 + Level 1.4 Stealth
 + Level 1.4 Shields
 + Level 1.4 Unarmed Combat
 + Level 3.1 Spellcasting
 + Level 1.1 Conjurations
 + Level 1.1 Hexes
 + Level 1.1 Summonings
 + Level 1.1 Necromancy
 + Level 1.1 Translocations
 + Level 1.1 Transmutations
 + Level 1.1 Fire Magic
 + Level 1.1 Ice Magic
 + Level 1.1 Air Magic
 + Level 1.1 Earth Magic
 + Level 1.1 Poison Magic
 + Level 1.6 Invocations
 + Level 1.4 Evocations


You had 10 spell levels left.
You didn't know any spells.
Your spell library contained the following spells:

 Spells                   Type           Power      Damage    Failure   Level
 Sandblast                Erth           6%         2d5       36%         1
 Cigotuvi's Dreadful Rot  Necr/Pois/Air  6%         N/A       50%         2
 Passwall                 Tmut/Erth      2%         N/A       50%         2
 Stone Arrow              Conj/Erth      6%         3d7       73%         3
 Dispel Undead            Necr           3%         3d7       98%         4
 Death Channel            Necr           1%         N/A       100%        6


Dungeon Overview and Level Annotations

Branches:
Dungeon (3/15)

Altars:

Shops:
D:1 [


Innate Abilities, Weirdness & Mutations

You have very sharp teeth.
Your uncanny sense of smell can sniff out nearby items.
Your experience applies equally to all skills.


Message History

The quokka is severely wounded.
The orc closely misses you. The orc hits you but does no damage.
The quokka closely misses you.
You barely miss the quokka.
The quokka is severely wounded.
The orc barely misses you. The orc closely misses you. The quokka misses you.
You barely miss the quokka. You bite the quokka, but do no damage.
The quokka is severely wounded.
The quokka bites you.
* * * LOW HITPOINT WARNING * * *
The orc closely misses you. The orc hits you but does no damage.
You barely miss the quokka.
The quokka is severely wounded.
The quokka bites you but does no damage.
The orc hits you but does no damage. The orc barely misses you.
The orc hits you but does no damage.
The quokka twitches its whiskers.
The quokka bites you.
* * * LOW HITPOINT WARNING * * *
You hit the quokka.
You kill the quokka!
The orc hits you but does no damage.
You feel agile.
k - a +6 ring of dexterity (left hand)
The orc hits you but does no damage. The orc closely misses you.
You start putting on your amulet.
You continue putting on your amulet of reflection.
The orc hits you but does no damage.
Keep equipping yourself? [Y]es or [N]o only, please.
Keep equipping yourself?
The orc closely misses you.
You continue putting on your amulet of reflection.
The orc barely misses you. The orc hits you with a +0 war axe.
* * * LOW HITPOINT WARNING * * *
You continue putting on your amulet of reflection.
The orc closely misses you. x2
You continue putting on your amulet of reflection.
The orc hits you with a +0 club.
You die...

... #....# .
....###....# ..
...........#######...
......)o........)...#
........##.......>...
....######...........
### #..))..#####+#.
#####oo....#
#....@.....#
#..........#
####.....######.
................ ∆
................
.....###........
########........
#........... ####
#.......####


You could see 2 orcs.

Vanquished Creatures
  An orc priest (D:3)
  3 adders (D:2)
  A worm (D:2)
  A dart slug (D:1)
  2 orcs (D:3)
  8 ball pythons
  6 endoplasms
  15 giant cockroaches
  7 goblins
  3 hobgoblins
  4 jackals (D:1)
  2 quokkas
  4 bats
  2 frilled lizards (D:2)
  2 kobolds (D:1)
  8 rats
69 creatures vanquished.

Notes
Turn   | Place    | Note
-------+----------+-------------------------------------------
     0 | D:1      | cheesebisquit the Gnoll Wanderer began the quest for the
                  | Orb.
     0 | D:1      | cheesebisquit set off with the following items: a +0 long
                  | sword, a scroll of fog, a +0 ring mail, a scroll of
                  | blinking.
     0 | D:1      | Reached XP level 1. HP: 13/13 MP: 4/4
    96 | D:1      | Reached XP level 2. HP: 17/20 MP: 5/5
   237 | D:1      | Found Tyqu Syj's Armour Boutique.
   728 | D:1      | Reached XP level 3. HP: 25/25 MP: 7/7
  1075 | D:2      | Reached skill level 1 in Invocations
  1100 | D:2      | Reached skill level 1 in Fighting
  1100 | D:2      | Reached skill level 1 in Short Blades
  1100 | D:2      | Reached skill level 1 in Axes
  1100 | D:2      | Reached skill level 1 in Maces & Flails
  1100 | D:2      | Reached skill level 1 in Polearms
  1100 | D:2      | Reached skill level 1 in Staves
  1100 | D:2      | Reached skill level 1 in Ranged Weapons
  1100 | D:2      | Reached skill level 1 in Throwing
  1100 | D:2      | Reached skill level 1 in Stealth
  1100 | D:2      | Reached skill level 1 in Shields
  1100 | D:2      | Reached skill level 1 in Unarmed Combat
  1100 | D:2      | Reached skill level 1 in Evocations
  1189 | D:2      | Reached XP level 4. HP: 9/32 MP: 8/8
  1551 | D:2      | Reached skill level 1 in Conjurations
  1551 | D:2      | Reached skill level 1 in Hexes
  1551 | D:2      | Reached skill level 1 in Summonings
  1551 | D:2      | Reached skill level 1 in Necromancy
  1551 | D:2      | Reached skill level 1 in Translocations
  1551 | D:2      | Reached skill level 1 in Transmutations
  1551 | D:2      | Reached skill level 1 in Fire Magic
  1551 | D:2      | Reached skill level 1 in Ice Magic
  1551 | D:2      | Reached skill level 1 in Air Magic
  1551 | D:2      | Reached skill level 1 in Earth Magic
  1551 | D:2      | Reached skill level 1 in Poison Magic
  1849 | D:3      | Reached XP level 5. HP: 17/37 MP: 9/9
  1878 | D:3      | Slain by an orc

Illustrated notes

Levels and vault maps discovered:
D:1:      dpeg_arrival_round_a, layout_basic, serial_shops,
          nicolae_shop_waterfront
D:2:      minmay_roachtagon, layout_basic
D:3:      layout_basic, minmay_goblin_kobold_house

Skill      XL: |  1  2  3  4  5 |
---------------+----------------+-----
Invocations    | 1 |  1.6
Fighting       | 1 |  1.4
Short Blades   | 1 |  1.4
Axes           | 1 |  1.4
Maces & Flails | 1 |  1.4
Polearms       | 1 |  1.4
Staves         | 1 |  1.4
Ranged Weapons | 1 |  1.4
Throwing       | 1 |  1.4
Stealth        | 1 |  1.4
Shields        | 1 |  1.4
Unarmed Combat | 1 |  1.4
Evocations     | 1 |  1.4
Spellcasting   | 3 |  3.1
Conjurations   | 1 |  1.1
Hexes          | 1 |  1.1
Summonings     | 1 |  1.1
Necromancy     | 1 |  1.1
Translocations | 1 |  1.1
Transmutations | 1 |  1.1
Fire Magic     | 1 |  1.1
Ice Magic      | 1 |  1.1
Air Magic      | 1 |  1.1
Earth Magic    | 1 |  1.1
Poison Magic   | 1 |  1.1
Dodging        | 3 |  3.0
Long Blades    | |  8.6
Armour         | |  8.6

Action                     |  1- 3 |  4- 6 || total
---------------------------+-------+-------++-------
  Melee: Long sword        |   101 |    83 ||   184
         Bite              |     8 |     8 ||    16
         Punch             |     1 |     1 ||     2
 Armour: Ring mail         |    42 |    54 ||    96
  Dodge: Dodged            |    63 |    89 ||   152

Table legend: (Time is in decaauts)
 A = Elapsed time spent in this place.
 B = Non-inter-level travel time spent in this place.
 C = Inter-level travel time spent in this place.
 D = Time resting spent in this place.
 E = Time spent auto-exploring this place.
 F = Levels seen in this place.
 G = Mean time per level.
                   A        B        C        D        E       F      G
               +--------+--------+--------+--------+--------+-----+--------+
         Total |   1873 |   1797 |     76 |    106 |   1292 |   3 |  624.3 |
       Dungeon |   1873 |   1797 |     76 |    106 |   1292 |   3 |  624.3 |
               +--------+--------+--------+--------+--------+-----+--------+

Top non-repeatable levels by time:
     D:1: 1061 daAuts
     D:2: 729 daAuts
     D:3: 82 daAuts
